 Dungeon Crawl Stone Soup version 0.30.1-9-gdf580d7c3d (webtiles) character file.

Game seed: 5744602064243193991

8738 eliilek the Basher (level 11, -7/97 HPs)
             Began as a Minotaur Fighter on Oct 1, 2023.
             Was a High Priest of Makhleb.
             Mangled by Snorg (9 damage)
             ... on level 10 of the Dungeon.
             The game lasted 00:33:52 (8603 turns).

eliilek the Basher (Minotaur Fighter)               Turns: 8603, Time: 00:33:52

Health: -7/97      AC: 18    Str: 23    XL:     11   Next: 13%
Magic:  10/10      EV: 12    Int:  5    God:    Makhleb [*****.]
Gold:   570        SH: 11    Dex: 18    Spells: 10/10 levels left

rFire   . . .        a - +3 flail (freeze)
rCold   . . .        c - +0 buckler
rNeg    . . .        D - +0 plate armour
rPois   .            (helmet restricted)
rElec   .            (no cloak)
rCorr   .            v - +1 pair of gloves
SInv    .            J - +0 pair of boots
Will    .....        n - amulet of reflection Stlth
                     y - +5 ring of evasion
HPRegen 0.36/turn    h - +6 ring of dexterity
MPRegen 0.12/turn

%: reflection
@: no status effects
A: horns 2, retaliatory headbutt
a: Renounce Religion, Minor Destruction, Lesser Servant of Makhleb, Major
Destruction, Greater Servant of Makhleb


You were on level 10 of the Dungeon.
You worshipped Makhleb.
Makhleb was extremely pleased with you.
You visited 1 branch of the dungeon, and saw 10 of its levels.
You also visited: Ossuary.

You collected 570 gold pieces.

Inventory:

Hand Weapons
 a - a +3 flail of freezing (weapon)
 b - a +4 heavy sling
Missiles
 I - 11 poisoned darts
 L - 6 datura-tipped darts
Armour
 c - a +0 buckler (worn)
 v - a +1 pair of gloves (worn)
 D - a +0 plate armour (worn)
 J - a +0 pair of boots (worn)
Jewellery
 h - a +6 ring of dexterity (right hand)
 n - an amulet of reflection (around neck)
 x - a ring of protection from cold
 y - a +5 ring of evasion (left hand)
 K - the ring "Roluadgh" {Fire rN+}
   (You found it on level 6 of the Dungeon)

   [ring of fire]

   It enhances your fire magic.
   rF:        It protects you from fire.
   rC:        It makes you vulnerable to cold.
   rN:        It protects you from negative energy.
Wands
 j - a wand of polymorph (4)
 A - a wand of quicksilver (5)
 B - a wand of flame (9)
 G - a wand of iceblast (16)
Scrolls
 i - a scroll of poison {unknown}
 k - 3 scrolls of fog
 l - 2 scrolls of brand weapon {unknown}
 m - a scroll of magic mapping {unknown}
 r - 3 scrolls of teleportation
 t - a scroll of silence {unknown}
 C - a scroll of acquirement {unknown}
 E - 2 scrolls of blinking {unknown}
 F - 2 scrolls of enchant armour
 M - a scroll of torment {unknown}
Potions
 d - 3 potions of might
 e - 6 potions of mutation
 f - 6 potions of curing {unknown}
 g - 3 potions of ambrosia {unknown}
 o - 5 potions of haste {unknown}
 p - 3 potions of flight {unknown}
 q - 5 potions of magic {unknown}
 s - 2 potions of invisibility {unknown}
 u - 2 potions of cancellation {unknown}
 w - 5 potions of heal wounds {unknown}
 z - 2 potions of lignification {unknown}
 H - a potion of resistance {unknown}
 P - a potion of berserk rage {unknown}


   Skills:
 + Level 9.2 Fighting
 * Level 12.3 Maces & Flails
 + Level 8.8 Ranged Weapons
 - Level 10.0 Armour
 + Level 0.9 Dodging
 - Level 7.0 Shields


You had 10 spell levels left.
You didn't know any spells.
Your spell library contained the following spells:

 Spells                   Type           Power      Damage    Failure   Level
 Slow                     Hex            0%         N/A       100%        1
 Poisonous Vapours        Pois/Air       0%         N/A       100%        2
 Confusing Touch          Hex            0%         N/A       100%        3
 Mephitic Cloud           Conj/Pois/Air  0%         N/A       100%        3
 Vampiric Draining        Necr           0%         2d6       100%        3
 Freezing Cloud           Conj/Ice/Air   0%         6-21      100%        5


Dungeon Overview and Level Annotations

Branches:
Dungeon (10/15)            Temple (0/1) D:6         Ossuary (visited)
   Lair: D:8-11         Orc: D:9-12

Altars:
Makhleb
Vehumet
Wu Jian
Yredelemnul
Zin
The Shining One

Shops:
D:7 *

Annotations:
D:10 Snorg


Innate Abilities, Weirdness & Mutations

You have a pair of horns on your head.
You reflexively headbutt those who attack you in melee.


Message History

You hit Snorg. You freeze Snorg. Your headbutt misses Snorg.
Snorg is moderately wounded.
Snorg bites you but does no damage. Snorg claws you. x2
You hit Snorg but do no damage.
Snorg is moderately wounded.
You block Snorg's attack. Snorg misses you. You block Snorg's attack.
You closely miss Snorg. You headbutt Snorg.
Snorg is heavily wounded.
You block Snorg's attack. Snorg claws you. You block Snorg's attack.
You bludgeon Snorg!! You freeze Snorg.
Snorg is heavily wounded.
Snorg bites you! Snorg claws you but does no damage. Snorg closely misses you.
You block Snorg's attack. x2; Snorg claws you!
You barely miss Snorg. You headbutt Snorg!
Snorg is severely wounded.
Snorg bites you!! Snorg misses you. Snorg claws you.
You hit Snorg. You freeze Snorg. Your headbutt misses Snorg.
Snorg is severely wounded.
Snorg bites you. You block Snorg's attack. Snorg claws you but does no damage.
You hit Snorg. You freeze Snorg.
Snorg is severely wounded.
You block Snorg's attack. Snorg closely misses you. x2
You closely miss Snorg.
Snorg is severely wounded.
Snorg bites you!
* * * LOW HITPOINT WARNING * * *
Snorg claws you.
* * * LOW HITPOINT WARNING * * *
Snorg claws you.
* * * LOW HITPOINT WARNING * * *
Snorg barely misses you. x2; Snorg claws you.
* * * LOW HITPOINT WARNING * * *
A demon appears!
Snorg bites you but does no damage. You block Snorg's attack.
Snorg barely misses you. Snorg bites you but does no damage.
You block Snorg's attack. Snorg closely misses you.
Your ynoxinul hits Snorg! Snorg attacks as you move away! Snorg bites you!
* * * LOW HITPOINT WARNING * * *
You block Snorg's attack. Snorg claws you!
You die...

...........# #........
...........# #........
...........# #........
...........# #........
.##'##....!# #.......[
.#...#.....#######........
.'...######...............
.#........'......T........
.#........#.....@.3.......
.#........#...............
.#...##.###...............
##...#######'#####........
........#........#........
........#........#........
........#........#........
........#........#........
####'##########+##........


You could see Snorg (berserk, ally target) and a friendly ynoxinul (summoned).

Vanquished Creatures
  Erica (D:8)
  Joseph (D:8)
  Maggie (D:8)
  A troll (D:8)
  Sigmund (D:3)
  A wyvern (D:9)
  6 yaks
  The ghost of RoadWalker the Ruffian, an amateur HOTm (D:4)
  A steam dragon (D:8)
  Menkaure (D:4)
  4 vampire mosquitoes (D:9)
  Edmund (D:6)
  4 water moccasins
  Duvessa (D:4)
  2 ice beasts (D:6)
  3 sky beasts
  3 black bears
  2 ogres
  2 orc warriors (D:9)
  2 centaurs
  2 phantoms
  A kobold brigand (D:8)
  4 bullfrogs
  2 gnoll sergeants
  Blork the orc (D:4)
  2 elf skeletons (D:6)
  2 scorpions
  4 wights (D:8)
  Dowan (D:4)
  2 centaur zombies (Ossuary)
  5 howler monkeys
  A human zombie (Ossuary)
  A jelly (D:4)
  5 hounds
  5 orc priests
  A sleepcap (D:6)
  3 human skeletons (D:6)
  Terence (D:3)
  2 iguanas
  Natasha (thrice) (D:2)
  11 orc wizards
  A statue (D:3)
  A centaur simulacrum (D:6)
  4 mummies (Ossuary)
  Robin (D:3)
  8 gnolls
  7 adders
  2 shadow imps
  4 white imps
  A howler monkey simulacrum (D:6)
  5 dart slugs
  37 orcs
  7 ball pythons
  6 endoplasms
  15 giant cockroaches
  9 hobgoblins
  7 quokkas
  5 bats
  4 frilled lizards
  22 goblins
  A goblin zombie (Ossuary)
  2 hobgoblin zombies (Ossuary)
  16 kobolds
  A kobold zombie (Ossuary)
  An orc skeleton (D:6)
  An orc zombie (Ossuary)
  8 rats
274 creatures vanquished.

Vanquished Creatures (collateral kills)
  The ghost of Pyropingo the Cleaver, a novice MiBe of Trog (D:6)
  2 ice beasts (D:6)
  A white imp (D:6)
4 creatures vanquished.

Grand Total: 278 creatures vanquished

Notes
Turn   | Place    | Note
-------+----------+-------------------------------------------
     0 | D:1      | eliilek the Minotaur Fighter began the quest for the Orb.
     0 | D:1      | Reached XP level 1. HP: 19/19 MP: 0/0
   206 | D:1      | Reached XP level 2. HP: 25/27 MP: 1/1
   418 | D:1      | Reached skill level 3 in Maces & Flails
   768 | D:1      | Reached XP level 3. HP: 33/33 MP: 2/2
  1085 | D:2      | Found a burning altar of Makhleb.
  1093 | D:2      | Became a worshipper of Makhleb the Destroyer
  1280 | D:2      | Reached skill level 1 in Ranged Weapons
  1364 | D:2      | Reached XP level 4. HP: 40/40 MP: 3/3
  1371 | D:2      | Noticed Natasha
  1374 | D:2      | Killed Natasha
  1451 | D:2      | Reached skill level 4 in Maces & Flails
  1603 | D:2      | Reached * piety under Makhleb
  1680 | D:2      | Noticed Natasha
  1686 | D:2      | Killed Natasha
  1687 | D:2      | Reached XP level 5. HP: 34/47 MP: 4/4
  1895 | D:2      | Noticed Natasha
  1900 | D:2      | Killed Natasha
  1937 | D:3      | Noticed Sigmund
  1939 | D:3      | Noticed Robin
  1952 | D:3      | Killed Robin
  1958 | D:3      | Killed Sigmund
  1959 | D:3      | Reached skill level 5 in Maces & Flails
  1959 | D:3      | Reached XP level 6. HP: 42/53 MP: 5/5
  2018 | D:3      | Noticed Terence
  2034 | D:3      | Killed Terence
  2035 | D:3      | Reached skill level 5 in Shields
  2163 | D:3      | Found an ornate altar of the Wu Jian Council.
  2242 | D:3      | Reached ** piety under Makhleb
  2487 | D:3      | Found a radiant altar of Vehumet.
  2696 | D:4      | Reached skill level 5 in Fighting
  2750 | D:4      | Noticed RoadWalker's ghost (amateur HOTm)
  2754 | D:4      | Found a runed translucent gate.
  2754 | D:4      | Found a runed translucent gate.
  2754 | D:4      | Found a runed translucent gate.
  2763 | D:4      | Noticed Blork the orc
  2772 | D:4      | Killed Blork the orc
  2773 | D:4      | Reached XP level 7. HP: 19/61 MP: 6/6
  3015 | D:4      | Noticed Duvessa
  3025 | D:4      | Killed Duvessa
  3025 | D:4      | Noticed Dowan
  3026 | D:4      | Reached skill level 6 in Maces & Flails
  3035 | D:4      | Killed Dowan
  3198 | D:4      | Reached skill level 5 in Ranged Weapons
  3330 | D:4      | Noticed Menkaure
  3339 | D:4      | HP: 2/61 [Menkaure/nerve-wracking pain (9)]
  3342 | D:4      | Killed Menkaure
  3594 | D:4      | Reached XP level 8. HP: 70/70 MP: 7/7
  3894 | D:4      | Reached skill level 7 in Maces & Flails
  3897 | D:4      | Killed RoadWalker's ghost
  3965 | D:5      | Entered Level 5 of the Dungeon
  4093 | D:5      | Reached skill level 8 in Maces & Flails
  4094 | D:5      | Reached *** piety under Makhleb
  4765 | D:6      | Reached skill level 5 in Armour
  4765 | D:6      | Reached XP level 9. HP: 64/78 MP: 8/8
  4834 | D:6      | Found a sand-covered staircase.
  4897 | Ossuary  | Entered an ossuary
  5059 | Ossuary  | Reached skill level 9 in Maces & Flails
  5096 | D:6      | Found a runed translucent gate.
  5097 | D:6      | Found a runed translucent gate.
  5098 | D:6      | Found a runed translucent gate.
  5126 | D:6      | Noticed Pyropingo's ghost (novice MiBe)
  5356 | D:6      | Found a staircase to the Ecumenical Temple.
  5484 | D:6      | Found a glowing golden altar of the Shining One.
  5486 | D:6      | Noticed an angel
  5492 | D:6      | Found a basalt altar of Yredelemnul.
  5494 | D:6      | Noticed a profane servitor
  5616 | D:6      | Noticed Edmund
  5620 | D:6      | Killed Edmund
  5966 | D:6      | Killed Pyropingo's ghost
  5968 | D:6      | Reached skill level 10 in Maces & Flails
  6068 | D:6      | Got the ring "Roluadgh" {Fire rN+}
  6215 | D:7      | Found a burning altar of Makhleb.
  6217 | D:7      | Found a glowing silver altar of Zin.
  6217 | D:7      | Noticed an angel
  6218 | D:7      | Noticed a balrug
  6240 | D:7      | Reached **** piety under Makhleb
  6244 | D:7      | Reached XP level 10. HP: 80/88 MP: 9/9
  6369 | D:7      | Found Guitsemo's General Store.
  6867 | D:8      | Reached skill level 11 in Maces & Flails
  6887 | D:8      | Noticed Maggie
  6893 | D:8      | Noticed Joseph
  6904 | D:8      | Killed Maggie
  6906 | D:8      | Killed Joseph
  7360 | D:8      | Noticed Erica
  7372 | D:8      | Killed Erica
  7900 | D:9      | Reached XP level 11. HP: 90/97 MP: 10/10
  7929 | D:9      | Identified the +0 leather armour of Classification
                  | {Rampage}
  7996 | D:9      | Reached ***** piety under Makhleb
  7997 | D:9      | Reached skill level 12 in Maces & Flails
  7997 | D:9      | Reached skill level 10 in Armour
  8515 | D:10     | Entered Level 10 of the Dungeon
  8584 | D:10     | Noticed Snorg
  8603 | D:10     | HP: 2/97 [Snorg (12)]
  8603 | D:10     | Mangled by Snorg

Illustrated notes

Levels and vault maps discovered:
D:1:      psy_arrival_fountain, layout_basic
D:2:      minmay_roachtagon, layout_loops_ring, basic_altar,
          minmay_pentomino_o4, uniq_natasha
D:3:      layout_rooms, vehumet_statue, mainiacjoe_overflow_catwalk,
          uniq_terence, uniq_robin, uniq_sigmund
D:4:      layout_cave_pods, gammafunk_ghost_split,
          hangedman_abyss_or_decor_stabs, uniq_menkaure, uniq_blork_the_orc,
          uniq_duvessa
D:5:      layout_basic
D:6:      layout_basic, grunt_temple_overflow_holy_war,
          minmay_temple_entry_glassed_door, nicolae_ossuary_entry_catacombs,
          gammafunk_ghost_icy, uniq_edmund
D:7:      layout_cave_pools, grunt_temple_overflow_order_and_chaos_2,
          serial_shops, nicolae_shop_window_shopping
D:8:      layout_rooms, uniq_maggie, uniq_erica, uniq_joseph
D:9:      layout_grid_maze
D:10:     layout_gridville, uniq_urug, uniq_snorg

Skill      XL: |  1  2  3  4  5  6  7  8  9 10 11 |
---------------+----------------------------------+-----
Shields        | 4 5 7 |  7.0
Maces & Flails | 3 4 5 6 8 10 11 12 | 12.3
Ranged Weapons | 1 2 3 4 5 6 7 8 |  8.8
Fighting       | 4 5 6 7 9 |  9.2
Armour         | 5 7 9 10 | 10.0
Dodging        | |  0.9

Action                     |  1- 3 |  4- 6 |  7- 9 | 10-12 || total
---------------------------+-------+-------+-------+-------++-------
  Melee: Flail             |    77 |    65 |    40 |   226 ||   408
         Headbutt          |    15 |    21 |    61 |    60 ||   157
         Mace              |       |    42 |   178 |       ||   220
   Fire: Sling             |    32 |    71 |    65 |    52 ||   220
 Invoke: Lesser Servant of |       |       |     1 |     1 ||     2
    Use: Potion            |       |     1 |     1 |       ||     2
         Scroll            |       |       |     7 |     7 ||    14
   Stab: Distracted        |       |       |     2 |       ||     2
 Armour: Scale mail        |     9 |       |       |       ||     9
         Chain mail        |    43 |    62 |     5 |       ||   110
         Plate armour      |       |       |    63 |    79 ||   142
  Dodge: Dodged            |    13 |    38 |    58 |    79 ||   188
  Block: Buckler           |    22 |    74 |    99 |   133 ||   328
         Reflection        |     1 |     3 |     5 |     9 ||    18
